 Dungeon Crawl Stone Soup version 0.17-a0-1648-g0a089d4 (webtiles) character file.

14699 nubinia the Dealer of Despair (level 11, 0/78 HPs)
             Began as a Demonspawn Necromancer on Aug 12, 2015.
             Was an Elder of Kikubaaqudgha.
             Slain by Rupert
             ... wielding a +5 great sword of slicing
              (43 damage)
             ... on level 3 of the Lair of Beasts.
             The game lasted 01:47:17 (15881 turns).

nubinia the Dealer of Despair (DsNe)               Turns: 15881, Time: 01:47:17

Health: 0/78       AC: 16    Str:  8    XL:     11   Next: 92%
Magic:  15/25      EV: 21    Int: 19    God:    Kikubaaqudgha [****..]
Gold:   710        SH:  0    Dex: 17    Spells: 8 memorised, 7 levels left

rFire  + + +     SeeInvis .     a - +1 whip (elec)
rCold  . . .     Clarity  +     J - +3 leather armour {rPois}
rNeg   . . .     SustAt   .     (no shield)
rPois  +         Gourm    .     d - +0 helmet
rElec  .         Spirit   .     i - +0 cloak of the Shore {rF++ Dex+2}
rCorr  .         Warding  .     w - +1 pair of gloves
rMut   .         Stasis   .     n - +0 pair of boots
MR     .....                    c - amulet of clarity
Stlth  +++.......               R - +4 ring of evasion
                                F - ring of protection from fire

@: stone skin, not resistant to hostile enchantments, fairly stealthy
A: hooves 2, yellow scales 1, demonic guardian 1, foul stench 1, spit poison 1,
rot immunity
a: Spit Poison, Receive Corpses, Renounce Religion


You were on level 3 of the Lair of Beasts.
You worshipped Kikubaaqudgha.
Kikubaaqudgha was greatly pleased with you.
You were hungry.

You visited 2 branches of the dungeon, and saw 14 of its levels.

You collected 739 gold pieces.
You spent 29 gold pieces at shops.

Inventory:

Hand weapons
 a - a +1 whip of electrocution (weapon)
 o - a +2 falchion of draining
 W - a +0 blowgun
Missiles
 X - 9 poisoned needles
Armour
 d - a +0 helmet (worn)
 i - the +0 cloak of the Shore (worn) {rF++ Dex+2}
   (You acquired it on level 1 of the Lair of Beasts)

   It affects your dexterity (+2).
   It greatly protects you from fire.
 n - a +0 pair of boots (worn)
 w - a +1 pair of gloves (worn)
 A - a +2 robe of magic resistance
 J - a +3 leather armour of poison resistance (worn)
 Q - the +0 robe "Ratuiqas" {SInv}
   (You found it on level 9 of the Dungeon)

   It lets you see invisible.
Rods
 C - a +1 rod of ignition (4/10)
   (You found it on level 2 of the Lair of Beasts)
Jewellery
 b - the amulet "Veliunel" {Inacc +Inv +Fly rF- Dex+4}
   (You found it on level 1 of the Lair of Beasts)

   [amulet of inaccuracy]

   It reduces the accuracy of all your attacks.
   It affects your dexterity (+4).
   It makes you vulnerable to fire.
   It lets you turn invisible.
   It lets you fly.
 c - an amulet of clarity (around neck)
 j - an uncursed ring of wizardry
 k - an uncursed ring of sustain attributes
 s - an uncursed amulet of resist mutation
 F - a ring of protection from fire (left hand)
 R - a +4 ring of evasion (right hand)
Magical devices
 v - a wand of flame (32)
 y - a wand of random effects (22)
 B - a wand of slowing (36)
 H - a wand of cold (9)
 K - a wand of cold (13)
 L - a wand of frost (27)
 M - a wand of draining (8)
 O - a wand of fire (7)
 S - a wand of flame (13)
 T - a wand of flame (23)
 U - a wand of flame (14)
Scrolls
 h - 2 scrolls of identify
 l - a scroll of fear
 q - a scroll of fog
 u - 6 scrolls of remove curse
 x - 2 scrolls of enchant weapon
 G - a scroll of magic mapping
Potions
 e - a potion of invisibility
 p - 2 potions of brilliance
 r - 10 potions of curing
 t - 4 potions of heal wounds
 z - a potion of magic
 E - a potion of agility
 I - a potion of might
 P - a potion of flight
 Y - 3 potions of resistance
 Z - a potion of haste
Comestibles
 g - 8 meat rations
 m - 8 slices of pizza
 D - 8 bread rations
 N - 9 fruits
 V - a royal jelly


   Skills:
 + Level 4.3 Fighting
 + Level 0.6 Long Blades
 + Level 3.7 Maces & Flails
 + Level 3.5 Armour
 + Level 8.3 Dodging
 + Level 4.7 Stealth
 + Level 10.2 Spellcasting
 + Level 1.6 Charms
 + Level 11.5 Necromancy
 + Level 1.1 Transmutations
 + Level 0.3 Earth Magic
 + Level 0.4 Evocations


You had 7 spell levels left.
You knew the following spells:

 Your Spells              Type           Power        Failure   Level  Hunger
a - Pain                  Necr           ####         1%          1    None
b - Vampiric Draining     Necr           ######....   1%          3    None
c - Control Undead        Necr           ######....   1%          4    ##.....
d - Animate Dead          Necr           N/A          1%          4    ##.....
e - Dispel Undead         Necr           ######..     2%          5    #####..
r - Regeneration          Chrm/Necr      ####......   1%          3    None
s - Stoneskin             Trmt/Erth      ##......     14%         2    None
S - Animate Skeleton      Necr           N/A          1%          1    None


Dungeon Overview and Level Annotations

Branches:
Dungeon (11/15)            Temple (0/1) D:6            Lair (3/8) D:10
    Orc (0/4) D:9
  Swamp: Lair:3-6    Shoals: Lair:3-6     Snake: Lair:3-6    Spider: Lair:3-6

Altars:
Cheibriados
Dithmenos
Elyvilon
Fedhas
Gozag
Kikubaaqudgha
Nemelex Xobeh
Okawaru
Ru
Sif Muna
Vehumet
Zin

Shops:
D:4 *   D:6 }   D:7 :   D:10 :[!

Annotations:
Lair:3 Rupert


Innate Abilities, Weirdness & Mutations

You have hoof-like feet.
You are partially covered in yellow scales (AC +2).
A weak demonic guardian rushes to your aid.
You may emit foul miasma when damaged in melee.
You are immune to rotting.
You can spit weak poison.


Message History

Unknown command.
Casting: Vampiric Draining
Confirm with . or Enter, or press ? or * to list all spells.
Aiming: Vampiric Draining
Press: ? - help, Shift-Dir - straight line, f/p - Rupert
Aim: Rupert, wielding a great sword of slicing and wearing a dyed leather armour (heavily wounded, berserk, fast, unusually strong, sick) Nothing appears to happen.
Rupert completely misses you.
Unknown command.
Unknown command.
Unknown command.
Casting: Vampiric Draining
Confirm with . or Enter, or press ? or * to list all spells.
Aiming: Vampiric Draining
Press: ? - help, Shift-Dir - straight line, f/p - Rupert
Aim: Rupert, wielding a great sword of slicing and wearing a dyed leather armour (heavily wounded, berserk, fast, unusually strong, sick) Nothing appears to happen.
Rupert barely misses you.
Rupert hits you with a great sword of slicing!!!
Ouch! That really hurt!
You die...
Kikubaaqudgha rasps: "You have failed me!
Welcome... death!"

#...[..........#....###..........
...............##)..##...........
...............................##
......##.....................#.#
....####......................##
....# #.#..................P##
.#### ###.....#.............# P#
##..#.##............### ##
#P......@##...........#
##......@##.........(.#
#.........###.........###
##.+.(.⌠...##...........#
###........##...........
####......##..........
###..⌠..#.#.###....
.......#..⌠.##...
.................


You could see Rupert (berserk).

Vanquished Creatures
  An unseen horror (D:10)
  4 spiny frogs
  A troll (D:9)
  3 komodo dragons (Lair:2)
  A fire drake (Lair:3)
  2 blink frogs (Lair:1)
  Sigmund (D:2)
  2 wyverns (D:8)
  A trapdoor spider (D:10)
  2 deep elf fighters (D:10)
  Eustachio (D:6)
  2 hungry ghosts
  Menkaure (D:6)
  4 hippogriffs
  3 porcupines
  A water moccasin (Lair:2)
  2 wasps
  3 orc warriors
  3 ice beasts (D:8)
  3 sky beasts
  A necrophage (D:8)
  An ogre (D:11)
  A phantom (D:9)
  7 centaurs
  2 crocodiles
  9 giant frogs
  2 big kobolds
  Blork the orc (D:4)
  A water moccasin zombie (D:5)
  A wyvern skeleton (D:9)
  3 scorpions
  3 wights (D:6)
  2 killer bees (D:8)
  2 electric eels (Lair:2)
  6 crimson imps
  A centaur zombie (D:7)
  4 hounds
  A quasit (D:8)
  2 giant frog skeletons
  2 centaur skeletons
  A giant frog zombie (D:9)
  2 jellies
  3 orc priests
  An orc wizard (D:4)
  An iguana (D:4)
  4 worker ants
  2 killer bee zombies
  A hound zombie (D:9)
  3 hound skeletons
  2 worker ant zombies
  9 adders
  8 river rats
  5 shadow imps
  2 oozes
  An adder zombie (D:9)
  2 worms
  7 giant geckos
  23 orcs
  5 giant cockroaches
  7 goblins
  9 hobgoblins
  10 jackals
  7 quokkas
  2 ball pythons
  8 bats
  5 giant newts
  12 kobolds
  16 rats
251 creatures vanquished.

Vanquished Creatures (collateral kills)
  Harold (D:10)
  2 hydras (Lair:3)
  A hill giant (D:10)
  4 spiny frogs
  A black mamba (Lair:3)
  A komodo dragon (Lair:3)
  3 blink frogs (Lair:1)
  A basilisk (Lair:2)
  A hippogriff (Lair:2)
  2 hungry ghosts
  A sky beast (D:7)
  An orc warrior (D:6)
  An ice beast (D:5)
  2 ogres
  2 centaurs
  2 crocodiles
  3 giant frogs (Lair:2)
  2 scorpions
  4 killer bees (D:8)
  2 jellies
  A hound (D:10)
  8 wights
  An orc wizard (D:10)
  An orc priest (D:5)
  2 iguanas
  A worker ant (D:9)
  2 river rats (Lair:2)
  An adder (D:8)
  9 orcs
  2 bats
  A goblin (D:1)
  4 hobgoblins
  A jackal (D:6)
  6 kobolds
  A quokka zombie (D:8)
  4 rats (D:10)
  A plant (Lair:3)
83 creatures vanquished.

Vanquished Creatures (others)
  A fungus (Lair:2)
  3 plants (Lair:2)
4 creatures vanquished.

Grand Total: 338 creatures vanquished

Notes
Turn   | Place    | Note
--------------------------------------------------------------
     0 | D:1      | nubinia the Demonspawn Necromancer began the quest for the Orb.
     0 | D:1      | Reached XP level 1. HP: 13/13 MP: 3/3
    93 | D:1      | Learned a level 1 spell: Animate Skeleton
   745 | D:1      | Gained mutation: You have large cloven feet. [demonic ancestry]
   745 | D:1      | Reached XP level 2. HP: 10/19 MP: 1/5
   999 | D:1      | Reached skill level 5 in Necromancy
  1614 | D:1      | Reached XP level 3. HP: 24/24 MP: 4/6
  1619 | D:1      | Learned a level 3 spell: Vampiric Draining
  2247 | D:2      | Found a shadowy altar of Dithmenos.
  2641 | D:2      | Found a white marble altar of Elyvilon.
  2690 | D:2      | Noticed Sigmund
  2719 | D:2      | Killed Sigmund
  2719 | D:2      | Reached skill level 1 in Fighting
  2719 | D:2      | Reached XP level 4. HP: 18/32 MP: 1/9
  2719 | D:2      | Gained mutation: You are immune to rotting. [demonic ancestry]
  2719 | D:2      | Reached XP level 5. HP: 20/37 MP: 1/10
  2947 | D:2      | Your ally Sigmund died
  2971 | D:2      | Learned a level 3 spell: Regeneration
  3364 | D:2      | Found a white marble altar of Elyvilon.
  3425 | D:2      | Found a shadowy altar of Dithmenos.
  3656 | D:3      | Found a blossoming altar of Fedhas.
  3982 | D:3      | Gained mutation: You may emit foul miasma when damaged in melee. [demonic ancestry]
  3982 | D:3      | Reached XP level 6. HP: 37/43 MP: 11/11
  3992 | D:3      | Found a sacrificial altar of Ru.
  4026 | D:3      | Learned a level 4 spell: Control Undead
  4358 | D:4      | Noticed Blork the orc
  4365 | D:4      | Killed Blork the orc
  4365 | D:4      | Reached skill level 6 in Necromancy
  5026 | D:4      | Found Ozekkok's Assorted Antiques.
  5029 | D:4      | Bought a scroll labeled ZIDINIUPEF for 29 gold pieces
  5101 | D:4      | Reached skill level 1 in Maces & Flails
  5101 | D:4      | Gained mutation: A weak demonic guardian rushes to your aid. [demonic ancestry]
  5101 | D:4      | Reached XP level 7. HP: 21/48 MP: 0/13
  5319 | D:4      | Found an iron altar of Okawaru.
  5366 | D:4      | Gained mutation: You can spit weak poison. [potion of beneficial mutation]
  5713 | D:4      | Reached skill level 7 in Necromancy
  6022 | D:4      | Reached skill level 5 in Spellcasting
  6137 | D:5      | Entered Level 5 of the Dungeon
  6453 | D:5      | Gained mutation: You have hoof-like feet. [demonic ancestry]
  6453 | D:5      | Reached XP level 8. HP: 36/54 MP: 15/15
  6465 | D:5      | Learned a level 4 spell: Animate Dead
  6497 | D:5      | Found an ancient bone altar of Kikubaaqudgha.
  6505 | D:5      | Became a worshipper of Kikubaaqudgha
  7086 | D:5      | Learned a level 2 spell: Stoneskin
  7138 | D:6      | Found a staircase to the Ecumenical Temple.
  7247 | D:6      | Found a radiant altar of Vehumet.
  7271 | D:6      | Found a deep blue altar of Sif Muna.
  7544 | D:6      | Found Zarilonu's Quality Used Wands.
  7865 | D:6      | Noticed Eustachio
  7965 | D:6      | Killed Eustachio
  7965 | D:6      | Reached skill level 8 in Necromancy
  8458 | D:7      | Found Irphas's Book Emporium.
  8569 | D:7      | Reached XP level 9. HP: 46/61 MP: 18/18
  8730 | D:7      | Reached skill level 5 in Dodging
  8959 | D:7      | Reached skill level 1 in Armour
  9251 | D:6      | Noticed Menkaure
  9271 | D:6      | Killed Menkaure
  9462 | D:6      | Found a glowing silver altar of Zin.
  9708 | D:7      | Found a snail-covered altar of Cheibriados.
  9720 | D:7      | Acquired Kikubaaqudgha's first power
  9720 | D:7      | Received a gift from Kikubaaqudgha
  9721 | D:7      | Identified Kikubaaqudgha's Guide on Evil Magic (Kikubaaqudgha gifted it to you on level 7 of the Dungeon)
 10197 | D:8      | Found an opulent altar of Gozag.
 10315 | D:8      | Reached skill level 1 in Charms
 10552 | D:8      | Found a sacrificial altar of Ru.
 11227 | D:8      | Gained mutation: You are partially covered in yellow scales (AC +2). [demonic ancestry]
 11227 | D:8      | Reached XP level 10. HP: 43/70 MP: 14/21
 11464 | D:9      | Reached skill level 9 in Necromancy
 11701 | D:9      | Found a sparkling altar of Nemelex Xobeh.
 12068 | D:9      | Found a staircase to the Orcish Mines.
 12083 | D:9      | Got a transparent robe
 12094 | D:9      | Identified the +0 robe "Ratuiqas" {SInv} (You found it on level 9 of the Dungeon)
 12484 | D:10     | Entered Level 10 of the Dungeon
 12563 | D:10     | Acquired Kikubaaqudgha's second power
 12619 | D:10     | Noticed an unseen horror
 12635 | D:10     | Killed an unseen horror
 12799 | D:10     | Found Qashresh's Distillery.
 12846 | D:10     | Noticed a hill giant
 12859 | D:10     | Received a gift from Kikubaaqudgha
 12865 | D:10     | Killed a hill giant
 12870 | D:10     | Identified Kikubaaqudgha's Guide on Necromancy (Kikubaaqudgha gifted it to you on level 10 of the Dungeon)
 12881 | D:10     | Learned a level 5 spell: Dispel Undead
 12907 | D:10     | Found a staircase to the Lair.
 13108 | D:10     | Noticed Harold
 13138 | D:10     | Found Wutiuq's Armour Emporium.
 13170 | D:10     | Found Neam's Book Boutique.
 13230 | D:10     | Reached skill level 10 in Necromancy
 13711 | D:10     | Killed Harold
 13711 | D:10     | Reached XP level 11. HP: 74/76 MP: 22/24
 13870 | Lair:1   | Entered Level 1 of the Lair of Beasts
 13898 | Lair:1   | Got an ancient copper amulet
 13900 | Lair:1   | Identified the amulet "Veliunel" {Inacc +Inv +Fly rF- Dex+4} (You found it on level 1 of the Lair of Beasts)
 14059 | Lair:1   | Identified a scroll of acquirement
 14060 | Lair:1   | Got a distressingly furry cloak
 14066 | Lair:1   | Identified the +0 cloak of the Shore {rF++ Dex+2} (You acquired it on level 1 of the Lair of Beasts)
 14639 | Lair:2   | Identified a +1 rod of ignition (10/10) (You found it on level 2 of the Lair of Beasts)
 14695 | Lair:2   | Reached skill level 1 in Transmutations
 14964 | Lair:2   | Acquired Kikubaaqudgha's third power
 15414 | Lair:2   | Reached skill level 11 in Necromancy
 15596 | Lair:3   | Reached skill level 10 in Spellcasting
 15732 | Lair:3   | Noticed a seven-headed hydra
 15735 | Lair:3   | Noticed a six-headed hydra
 15739 | Lair:3   | Killed a seven-headed hydra
 15744 | Lair:3   | Killed a six-headed hydra
 15865 | Lair:3   | Noticed Rupert
 15870 | Lair:3   | Paralysed by Rupert for 2 turns
 15881 | Lair:3   | Slain by Rupert

Vault maps used:
D:1:      minmay_arrival_checkered_box, minmay_surrounded
D:2:      grunt_dithmenos_smoke, elyvilon_altar_3, uniq_sigmund
D:3:      lemuel_doored_altar, hangedman_ru_absence
D:4:      overflow_temple_1_default, serial_shops, shop, kennysheep_potato,
          uniq_blork_the_orc
D:5:      kiku_gazebo_pond_becter, first_bread
D:6:      lemuel_coloured_pillars_altar, kennysheep_mini, lemuel_crystal_altar,
          temple_fountains, nicolae_for_you_no_charge, uniq_menkaure,
          uniq_eustachio
D:7:      slow_altar_1, serial_shops, nicolae_shop_crystal
D:8:      grunt_gozag_breadcrumbs, lemuel_crystal_altar
D:9:      nemelex_xobeh_ov_fountains_minmay, orc_0_dummy
D:10:     grunt_lair_entry_elf_guard_hut, serial_shops, nicolae_shop_stone,
          shop, shop, grunt_pizzeria, uniq_harold
D:11:     nrook_pool_corridor
Lair:2:   serial_bayou, serial_bayou_crossing, serial_bayou_pond_a,
          serial_bayou_pond_e, serial_bayou_lake_a, beast_lair_carwin_1,
          lemuel_fruit_tree
Lair:3:   grunt_megastairs_3, serial_bayou_shore_b, serial_bayou_shore_b,
          uniq_rupert

Action                   |  1- 3 |  4- 6 |  7- 9 | 10-12 || total
-------------------------+-------+-------+-------+-------++-------
Melee: Unarmed           |     4 |       |       |       ||     4
       Whip              |    71 |    99 |   401 |   402 ||   973
       Falchion          |       |       |     7 |    27 ||    34
 Fire: Blowgun           |       |       |       |     1 ||     1
 Cast: Pain              |    28 |    16 |    16 |    11 ||    71
       Animate Skeleton  |    14 |    18 |    18 |     8 ||    58
       Vampiric Draining |     5 |     7 |    33 |    57 ||   102
       Regeneration      |       |     3 |    10 |     6 ||    19
       Animate Dead      |       |       |    13 |    33 ||    46
       Control Undead    |       |       |     9 |     2 ||    11
       Stoneskin         |       |       |     2 |     7 ||     9
       Dispel Undead     |       |       |       |     3 ||     3
 Abil: Spit Poison       |       |       |     6 |     1 ||     7
Evoke: Wand              |       |       |       |     9 ||     9
       Rod               |       |       |       |     2 ||     2
  Use: Potion            |     2 |       |     3 |     1 ||     6
       Scroll            |       |     6 |     5 |    16 ||    27
 Stab: Sleeping          |     3 |     4 |     9 |    11 ||    27
       Distracted        |       |     1 |     1 |     2 ||     4
  Eat: Chunk             |     5 |     9 |    17 |    15 ||    46
       Beef jerky        |       |       |     1 |     2 ||     3
       Royal jelly       |       |       |     1 |       ||     1
       Pizza             |       |       |     1 |       ||     1
       Fruit             |       |       |     8 |       ||     8
       Bread ration      |       |       |       |     1 ||     1
